 Dungeon Crawl Stone Soup version 0.14.2 (webtiles) character file.

149 Amnesiac the Ducker (level 3, -1/19 HPs)
             Began as a Spriggan Monk on Feb 11, 2018.
             Succumbed to an adder's poison
             ... on Level 2 of the Dungeon.
             The game lasted 00:02:03 (1201 turns).

Amnesiac the Ducker (Spriggan Monk)                 Turns: 1201, Time: 00:02:03

HP  -1/19        AC  2     Str  8      XL: 3   Next: 37%
MP   6/6         EV 19     Int 11      God:
Gold 106         SH 11     Dex 18      Spells:  0 memorised,  2 levels left

rFire  . . .     SeeInvis +       - Unarmed
rCold  + . .     Clarity  .     a - +0 robe
rNeg   . . .     Conserve .     i - +0 buckler
rPois  .         rCorr    .     (helmet restricted)
rElec  .         rRot     .     (no cloak)
SustAb . .       Spirit   .     (gloves unavailable)
rMut   .         Warding  .     (boots unavailable)
Saprov . . .     Stasis   .     (no amulet)
MR     .....                    (no ring)
                                f - ring of protection from cold {unknown}

@: lethally poisoned, very quick, not resistant to hostile enchantments,
stealthy
A: unfitting armour, see invisible, herbivore 3, speed 3, slow metabolism 2
a: no special abilities


You were on level 2 of the Dungeon.
You were not hungry.

You visited 1 branch of the dungeon, and saw 2 of its levels.

You collected 106 gold pieces.

Inventory:

Armour
 a - a +0 robe (worn)
 i - a +0 buckler (worn)
Comestibles
 c - 3 bread rations
Scrolls
 d - a scroll of fog {!r, unknown}
 e - 2 scrolls of remove curse {!r, unknown}
 g - 4 scrolls of identify {!r, unknown}
 j - a scroll of amnesia {!r, unknown}
Jewellery
 f - a ring of protection from cold (left hand) {unknown}
 h - an uncursed ring of protection from cold {unknown}
Potions
 b - a potion of porridge {!q}


   Skills:
 - Level 2.4 Fighting
 - Level 4.4 Dodging
 - Level 3.0 Stealth
 + Level 4.3 Unarmed Combat


You had 2 spell levels left.
You didn't know any spells.

Dungeon Overview and Level Annotations

Branches:
Dungeon (2/15)

Altars:


Innate Abilities, Weirdness & Mutations

You are tiny and cannot use many weapons and most armour.
You have supernaturally acute eyesight.
You are a herbivore.
You cover ground extremely quickly.
You need consume almost no food.


Message History

An adder is nearby!
An adder is nearby!
You block the adder's attack.
Found 10 gold pieces.
You hit the adder.
The adder is lightly wounded.
You block the adder's attack.
You hit the adder.
The adder is moderately wounded.
The adder bites you.
You are poisoned.
The adder poisons you!
You barely miss the adder.
The adder is moderately wounded.
You feel sick. The adder bites you.
You are lethally poisoned!
The adder poisons you!
You miss the adder.
The adder is moderately wounded.
You feel sick. The adder barely misses you. The adder closely misses you.
You hit the adder.
The adder is heavily wounded.
* * * LOW HITPOINT WARNING * * *
You feel sick. The adder barely misses you.
You hit the adder.
The adder is severely wounded.
The adder closely misses you.
You closely miss the adder.
The adder is severely wounded.
* * * LOW HITPOINT WARNING * * *
You feel sick. The adder completely misses you. The adder closely misses you.
You hit the adder.
The adder is severely wounded.
* * * LOW HITPOINT WARNING * * *
You feel sick. The adder barely misses you.
You closely miss the adder.
The adder is severely wounded.
The adder misses you.
Unknown command.
You barely miss the adder.
The adder is severely wounded.
* * * LOW HITPOINT WARNING * * *
You feel sick. The adder misses you. The adder bites you.
* * * LOW HITPOINT WARNING * * *
You are more poisoned.
The adder poisons you!
Unknown command.
You miss the adder.
The adder is severely wounded.
* * * LOW HITPOINT WARNING * * *
You feel sick. The adder closely misses you.
Unknown command.
You barely miss the adder.
The adder is severely wounded.
The adder bites you.
* * * LOW HITPOINT WARNING * * *
You are more poisoned.
The adder poisons you!
Unknown command.
Drink which item? (? for menu, Esc to quit)
Okay, then.
You hit the adder.
You kill the adder!
You die...

.......# $..
#####..# ..#
#..# ..#
#..# ...
#..# #.#
.... ##.#
#... ..#
#### #.# #@#
#.# ##.##
#...# #####
#.#.# #...##
#<..# #..>..
#.### #...##
#.# ###.###
####.#######
#.....#


There were no monsters in sight!

Vanquished Creatures
  2 adders
  4 bats
  A giant cockroach (D:1)
  3 goblins
  3 hobgoblins
  6 kobolds
  2 giant newts (D:2)
  5 rats
26 creatures vanquished.

Notes
Turn   | Place    | Note
--------------------------------------------------------------
     0 | D:1      | Amnesiac, the Spriggan Monk, began the quest for the Orb.
     0 | D:1      | Reached XP level 1. HP: 11/11 MP: 2/2
    90 | D:1      | Reached XP level 2. HP: 10/16 MP: 4/4
  1102 | D:2      | Reached XP level 3. HP: 15/19 MP: 6/6
  1201 | D:2      | Succumbed to an adder's poison

Action                   || total
-------------------------++-------
Melee: Unarmed           ||   108
 Stab: Sleeping          ||     2
